 Dungeon Crawl Stone Soup version 0.31-a0-876-gfe8ebadbca (webtiles) character file.

Game seed: 1871804871948505853

131 wvc the Digger (level 5, -11/28 HPs)
             Began as a Gargoyle Earth Elementalist on Oct 13, 2023.
             Mangled by an ogre
             ... wielding a +0 giant club
              (16 damage)
             ... on level 4 of the Dungeon.
             The game lasted 00:04:47 (2761 turns).

wvc the Digger (Gargoyle Earth Elementalist)        Turns: 2761, Time: 00:04:49

Health: -11/28     AC:  8    Str: 12    XL:     5   Next: 14%
Magic:  6/9        EV: 11    Int: 17    God:
Gold:   150        SH:  0    Dex: 10    Spells: 6/10 levels left

rFire   . . .        g - +0 quarterstaff
rCold   . . .        (shield currently unavailable)
rNeg    + . .        a - +0 robe
rPois   ∞            i - +0 helmet
rElec   +            (no cloak)
rCorr   .            n - +0 pair of gloves
SInv    .            (no boots)
Will    .....        (no amulet)
Stlth   ++           (no ring)
HPRegen 0.24/turn    (no ring)
MPRegen 0.11/turn

%: no passive effects
@: no status effects
A: sickness immunity, AC +4, negative energy resistance 1, electricity
resistance, torment resistance 1, petrification resistance
a: no special abilities


You were on level 4 of the Dungeon.
You visited 1 branch of the dungeon, and saw 4 of its levels.

You collected 150 gold pieces.

Inventory:

Hand Weapons
 g - a +0 quarterstaff (weapon)
 j - a +0 rapier
Missiles
 l - 3 atropa-tipped darts (quivered)
Armour
 a - a +0 robe (worn)
 i - a +0 helmet (worn)
 n - a +0 pair of gloves (worn)
Scrolls
 c - a scroll of teleportation {unknown}
 f - 3 scrolls of amnesia {unknown}
 h - a scroll of poison {unknown}
 k - 3 scrolls of enchant weapon {unknown}
 o - a scroll of revelation {unknown}
Potions
 b - a potion of magic
 d - 3 potions of curing {unknown}
 e - a potion of resistance {unknown}
 m - a potion of lignification {unknown}
 p - a potion of brilliance {unknown}


   Skills:
 - Level 1.5 Dodging
 - Level 2.1 Stealth
 + Level 3.0 Spellcasting
 - Level 0.7 Transmutations
 * Level 6.1 Earth Magic


You had 6 spell levels left.
You knew the following spells:

 Your Spells              Type           Power      Damage    Failure   Level
a - Sandblast             Erth           46%        2d11      1%          1
b - Stone Arrow           Conj/Erth      26%        3d8       16%         3

Your spell library contained the following spells:

 Spells                   Type           Power      Damage    Failure   Level
 Passwall                 Tmut/Erth      11%        N/A       6%          2
 Kiss of Death            Conj/Necr      8%         2d6       17%         1
 Petrify                  Tmut/Erth      14%        N/A       38%         4
 Confusing Touch          Hex            2%         N/A       45%         3
 Brom's Barrelling Bould  Conj/Erth      13%        2d4       45%         4
 Dispel Undead            Necr           2%         3d7       86%         4


Dungeon Overview and Level Annotations

Branches:
Dungeon (4/15)
 Temple: D:4-7

Altars:
Nemelex Xobeh


Innate Abilities, Weirdness & Mutations

You are immune to sickness and miasma.
Your stone body is resilient. (AC +4)
You are immune to poison.
You resist negative energy. (rN+)
You are resistant to electric shocks. (rElec)
You are resistant to unholy torment.
You are immune to petrification.


Message History

Press: ? - help, Q - select action, (/) - cycle Shift-Dir - straight line, f/p - ogre
Aim: an ogre, wielding a +0 giant club (69% to hit, chance to blind on hit: 41%)
You throw an atropa-tipped dart. The atropa-tipped dart hits the ogre.
The ogre appears confused.
Casting: Sandblast (safe; 1% risk of failure)
Confirm with . or Enter, or press ? or * to list all spells.
Aiming: Sandblast (safe; 1% risk of failure)
Press: ? - help, Shift-Dir - straight line, f/p - ogre
Aim: an ogre, wielding a +0 giant club (confused, blind, 98% to hit)
The blast of sand hits the ogre.
The ogre is lightly wounded.
The ogre seems less confused.
The ogre barely misses you.
Casting: Sandblast (safe; 1% risk of failure)
Confirm with . or Enter, or press ? or * to list all spells.
Aiming: Sandblast (safe; 1% risk of failure)
Press: ? - help, Shift-Dir - straight line, f/p - ogre
Aim: an ogre, wielding a +0 giant club (lightly wounded, blind, 92% to hit)
The blast of sand hits the ogre.
The ogre is moderately wounded.
The ogre hits you with a +0 giant club!!
Ouch! That really hurt!
* * * LOW HITPOINT WARNING * * *
The ogre is no longer blind.
Throw: 4 darts (atropa)
Press: ? - help, Q - select action, (/) - cycle Shift-Dir - straight line, f/p - ogre
Aim: an ogre, wielding a +0 giant club (moderately wounded, 69% to hit, chance to blind on hit: 51%)
You throw an atropa-tipped dart. The atropa-tipped dart hits the ogre.
The ogre appears confused.
The ogre is moderately wounded.
The ogre seems less confused.
The ogre closely misses you.
Casting: Sandblast (safe; 1% risk of failure)
Confirm with . or Enter, or press ? or * to list all spells.
Aiming: Sandblast (safe; 1% risk of failure)
Press: ? - help, Shift-Dir - straight line, f/p - ogre
Aim: an ogre, wielding a +0 giant club (moderately wounded, blind, 92% to hit)
The blast of sand hits the ogre!
The ogre is heavily wounded.
The ogre hits you with a +0 giant club!
Ouch! That really hurt!
You die...

......... .## .##.
.#....... ....... ..#.
........###.....# #..#.
.........##...<.######..#.
.....(..........##.#...##.
#...#.(...##..............
#..>.....##.............#
##.....(..###.............
........O@##..............
...........#.##.###.......
..##.........###.##.......
. #.........##...........
#...........##.......##.
....#.......####.#....#..
...........### ####.##...
.##.....#..# #.###..
#.....#### ### ...


You could see an ogre (blind).

Vanquished Creatures
  A jelly (D:2)
  A hound (D:4)
  A worm (D:2)
  A dart slug (D:3)
  3 orcs (D:3)
  5 ball pythons
  4 bats
  6 endoplasms
  A giant cockroach (D:2)
  5 goblins
  3 hobgoblins
  6 jackals (D:1)
  4 kobolds
  2 quokkas (D:2)
  A frilled lizard (D:1)
  5 rats
49 creatures vanquished.

Notes
Turn   | Place    | Note
-------+----------+-------------------------------------------
     0 | D:1      | wvc the Gargoyle Earth Elementalist began the quest for the
                  | Orb.
     0 | D:1      | Reached XP level 1. HP: 10/10 MP: 3/3
   238 | D:1      | Reached skill level 4 in Earth Magic
   360 | D:1      | Reached XP level 2. HP: 15/15 MP: 0/5
   885 | D:2      | Reached skill level 5 in Earth Magic
   885 | D:2      | Reached XP level 3. HP: 19/19 MP: 0/6
   885 | D:2      | Reached XP level 4. HP: 24/24 MP: 0/7
  1602 | D:2      | Learned a level 3 spell: Stone Arrow
  2048 | D:3      | Found a sparkling altar of Nemelex Xobeh.
  2708 | D:4      | Reached skill level 6 in Earth Magic
  2708 | D:4      | Reached XP level 5. HP: 28/28 MP: 6/9
  2750 | D:4      | Noticed an ogre
  2761 | D:4      | Mangled by an ogre

Illustrated notes

Levels and vault maps discovered:
D:1:      co_arrival_random_square_maze, layout_basic
D:2:      layout_basic
D:3:      layout_basic, nemelex_xobeh_ov_fountains_minmay
D:4:      layout_cave_pools, serial_shops, shop, uniq_ijyb

Skill      XL: |  1  2  3  4 |
---------------+-------------+-----
Earth Magic    | 4 5 6 |  6.1
Spellcasting   | 3 |  3.0
Dodging        | |  1.5
Stealth        | |  2.1
Transmutations | |  0.7

Action                     |  1- 3 |  4- 6 || total
---------------------------+-------+-------++-------
  Melee: Quarterstaff      |       |     4 ||     4
  Throw: Dart              |       |     3 ||     3
   Cast: Sandblast         |    27 |    49 ||    76
 Armour: Robe              |     8 |    13 ||    21
  Dodge: Dodged            |    17 |    19 ||    36

Table legend: (Time is in decaauts)
 A = Elapsed time spent in this place.
 B = Non-inter-level travel time spent in this place.
 C = Inter-level travel time spent in this place.
 D = Time resting spent in this place.
 E = Time spent auto-exploring this place.
 F = Levels seen in this place.
 G = Mean time per level.
                   A        B        C        D        E       F      G
               +--------+--------+--------+--------+--------+-----+--------+
         Total |   2798 |   2726 |     72 |     95 |   2224 |   4 |  699.5 |
       Dungeon |   2798 |   2726 |     72 |     95 |   2224 |   4 |  699.5 |
               +--------+--------+--------+--------+--------+-----+--------+

Top non-repeatable levels by time:
     D:2: 979 daAuts
     D:3: 913 daAuts
     D:1: 784 daAuts
     D:4: 120 daAuts
